 Dungeon Crawl Stone Soup version 0.16.1-30-g34a7ffa (webtiles) character file.

4417 ztt the Ducker (level 10, -13/55 HPs)
             Began as a Vine Stalker Berserker on June 22, 2015.
             Was an Elder of Trog.
             Mangled by a basilisk (15 damage)
             ... in a labyrinth.
             The game lasted 00:17:15 (3444 turns).

ztt the Ducker (Vine Stalker Berserker)             Turns: 3444, Time: 00:17:15

Health: -13/55     AC:  9    Str: 23    XL:     10   Next: 36%
Magic:  0/13       EV: 15    Int:  7    God:    Trog [****..]
Gold:   202        SH:  0    Dex: 14    Spells: 0 memorised, 9 levels left

rFire  . . .     SeeInvis .     a - +0 hand axe (curse)
rCold  . . .     Clarity  .     e - +1 ring mail
rNeg   . . .     SustAb   .     (no shield)
rPois  .         Gourm    .     (no helmet)
rElec  .         Spirit   +     (no cloak)
rCorr  .         Warding  .     (no gloves)
rMut   .         Stasis   .     k - +1 pair of boots {Stlth+}
MR     +....                    f - amulet of faith
Stlth  ++........               (no ring)
                                (no ring)

@: exhausted, slowed, very slow, somewhat resistant to hostile enchantments,
unstealthy
A: fangs 3, regeneration 2, magic shield, antimagic bite, no device heal 3, rot
immunity
a: Burn Spellbooks, Berserk, Trog's Hand, Brothers in Arms, Renounce Religion


You were in a labyrinth.
You worshipped Trog.
Trog was greatly pleased with you.
You were not hungry.

You visited 2 branches of the dungeon, and saw 12 of its levels.
You also visited: Labyrinth.

You collected 202 gold pieces.

Inventory:

Hand weapons
 a - a cursed +0 hand axe (weapon)
 d - a +0 blowgun
 h - a +0 war axe
 w - a +2 flail of holy wrath
Missiles
 i - 15 poisoned needles
Armour
 b - a +0 animal skin
 e - a +1 ring mail (worn)
 k - a +1 pair of boots of stealth (worn)
Jewellery
 f - an amulet of faith (around neck)
Magical devices
 m - a wand of confusion (14)
 o - a wand of magic darts (17)
Scrolls
 g - a scroll of recharging
 l - 2 scrolls of amnesia
 s - a scroll of identify
 v - a scroll of enchant weapon {unknown}
 x - 3 scrolls of remove curse
Potions
 j - a potion of might {unknown}
 n - a potion of curing {unknown}
 p - 2 potions of brilliance
 q - a potion of haste {unknown}
 r - a potion of cancellation {unknown}
 u - a potion of degeneration {unknown}
Comestibles
 c - a bread ration
 t - a meat ration


   Skills:
 + Level 7.0 Fighting
 + Level 6.1 Axes
 + Level 6.3 Armour
 + Level 7.6 Dodging
 + Level 1.1 Stealth


You had 9 spell levels left.
You didn't know any spells.

Dungeon Overview and Level Annotations

Branches:
Dungeon (8/15)               Lair (4/8) D:8
 Temple: D:4-7        Swamp: Lair:3-6    Shoals: Lair:3-6     Snake: Lair:3-6
 Spider: Lair:3-6

Altars:
Cheibriados

Annotations:
D:8 Grum


Innate Abilities, Weirdness & Mutations

You have razor-sharp teeth.
You heal very quickly.
When hurt, damage is shared between your health and your magic reserves.
Your bite disrupts and absorbs the magic of your enemies.
Potions and wands cannot restore your health.
You are immune to rotting.


Message History

The basilisk gazes at you.
You easily resist.
The basilisk bites you but does no damage.
You hit the basilisk.
The basilisk is moderately wounded.
The basilisk misses you.
You closely miss the basilisk.
The basilisk is moderately wounded.
The basilisk closely misses you. The basilisk barely misses you.
You barely miss the basilisk. You bite the basilisk! You drain its power.
You feel invigorated.
The basilisk is heavily wounded.
The basilisk bites you!
* * * LOW HITPOINT WARNING * * *
Unknown command.
Unknown command.
You closely miss the basilisk.
The basilisk is heavily wounded.
The basilisk barely misses you. The basilisk bites you!
You die...

. ##
#
#.#.
. ###
.###
# ..
#.#
.###.
. #
... #
#
#.###
. #l#
# #@#
.
#...#
#####


You could see a basilisk.

Vanquished Creatures
  Maurice (D:8)
  A black mamba (Lair:3)
  A komodo dragon (Lair:4)
  2 fire drakes
  3 basilisks (Lab)
  Eustachio (D:6)
  A steam dragon (Lair:4)
  A hippogriff (Lair:1)
  4 wolves
  Edmund (D:7)
  2 water moccasins
  A porcupine (Lair:4)
  A wasp (D:6)
  An ice beast (D:7)
  A sky beast (D:7)
  A centaur (D:6)
  A giant frog (Lair:2)
  A big kobold (D:7)
  A scorpion (D:6)
  A water moccasin skeleton (D:7)
  A quasit (D:6)
  3 hounds
  2 centaur skeletons
  2 orc wizards (D:7)
  A worker ant (D:6)
  6 iguanas
  6 sheep (Lair:1)
  A mummy (D:8)
  4 adders
  10 river rats
  2 worms
  A giant gecko (D:7)
  14 orcs
  2 ball pythons
  A giant cockroach (D:6)
  4 hobgoblins
  3 jackals (D:4)
  9 kobolds
  2 quokkas
  4 bats
  A giant newt (D:1)
  2 goblins
  3 rats
  A fungus (Lair:1)
112 creatures vanquished.

Vanquished Creatures (others)
  A giant spore (D:7)
  2 ballistomycetes (D:7)
  4 plants
7 creatures vanquished.

Grand Total: 119 creatures vanquished

Notes
Turn   | Place    | Note
--------------------------------------------------------------
     0 | D:1      | ztt, the Vine Stalker Berserker, began the quest for the Orb.
     0 | D:1      | Reached XP level 1. HP: 11/11 MP: 1/1
   140 | D:2      | Reached XP level 2. HP: 8/16 MP: 0/3
   199 | D:3      | Reached skill level 3 in Fighting
   256 | D:3      | Reached XP level 3. HP: 8/20 MP: 2/4
   313 | D:3      | Acquired Trog's second power
   467 | D:5      | Entered Level 5 of the Dungeon
   539 | D:6      | Reached XP level 4. HP: 2/24 MP: 5/5
   656 | D:6      | Noticed a centaur
   660 | D:6      | Reached XP level 5. HP: 24/28 MP: 5/7
   664 | D:6      | Killed a centaur
   681 | D:6      | Noticed Eustachio
   760 | D:6      | Noticed a wasp
   768 | D:6      | Killed a wasp
   768 | D:6      | Reached skill level 4 in Fighting
   768 | D:6      | Gained mutation: You heal very quickly. [vine stalker growth]
   768 | D:6      | Reached XP level 6. HP: 33/33 MP: 8/8
   852 | D:6      | Found a snail-covered altar of Cheibriados.
   854 | D:6      | Noticed a scorpion
   863 | D:6      | Killed Eustachio
   863 | D:6      | Reached XP level 7. HP: 31/37 MP: 4/9
   865 | D:6      | Killed a scorpion
   991 | D:7      | Noticed Edmund
  1016 | D:7      | Killed Edmund
  1082 | D:7      | Reached skill level 1 in Stealth
  1189 | D:7      | Gained mutation: You have razor-sharp teeth. [vine stalker growth]
  1189 | D:7      | Reached XP level 8. HP: 30/42 MP: 8/11
  1358 | D:7      | Reached skill level 5 in Dodging
  1568 | D:8      | Noticed a fire drake
  1579 | D:8      | Killed a fire drake
  1618 | D:8      | Found a staircase to the Lair.
  1629 | D:8      | Noticed Maurice
  1636 | D:8      | Reached skill level 5 in Axes
  1658 | D:8      | Killed Maurice
  1658 | D:8      | Reached skill level 5 in Fighting
  1658 | D:8      | Reached XP level 9. HP: 47/47 MP: 12/12
  1744 | D:8      | Noticed Grum
  1810 | Lair:1   | Entered Level 1 of the Lair of Beasts
  1814 | Lair:1   | Reached skill level 5 in Armour
  1826 | Lair:1   | Reached skill level 6 in Dodging
  1906 | Lair:1   | Acquired Trog's third power
  2074 | Lair:1   | Noticed a fire drake
  2174 | Lair:1   | Killed a fire drake
  2533 | Lair:2   | Received a gift from Trog
  2566 | Lair:3   | Noticed a black mamba
  2579 | Lair:3   | Killed a black mamba
  2579 | Lair:3   | Reached skill level 7 in Dodging
  2579 | Lair:3   | Reached XP level 10. HP: 32/53 MP: 9/13
  3132 | Lair:4   | Identified a scroll of acquirement
  3141 | Lair:4   | Found a labyrinth entrance.
  3151 | Lab      | Entered a labyrinth
  3171 | Lab      | Found an exit through the horrors of the Abyss.
  3437 | Lab      | HP: 2/55 [basilisk (3)]
  3443 | Lab      | HP: 1/55 [basilisk (6)]
  3444 | Lab      | Mangled by a basilisk

Action                   |  1- 3 |  4- 6 |  7- 9 | 10-12 || total
-------------------------+-------+-------+-------+-------++-------
Melee: Hand axe          |    92 |    35 |   305 |   101 ||   533
Invok: Berserk           |     2 |     3 |     5 |     3 ||    13
       Burn Spellbooks   |       |       |     1 |       ||     1
  Use: Scroll            |     1 |     5 |       |     2 ||     8
  Eat: Chunk             |       |     3 |     8 |     3 ||    14
       Pizza             |       |     1 |       |       ||     1
       Beef jerky        |       |       |     1 |       ||     1
       Royal jelly       |       |       |     1 |       ||     1
       Bread ration      |       |       |       |     1 ||     1
